 Dungeon Crawl Stone Soup version 0.24.1-8-ga250c9d538 (webtiles) character file.

Game seed: 2848077142849732466, levelgen mode: deterministic

481817 pseudo86 the Hoplite (level 23, -1/225 HPs)
             Began as a Minotaur Berserker on May 6, 2020.
             Was the Champion of Trog.
             Slain by a deep troll shaman (6 damage)
             ... on level 4 of the Depths on May 8, 2020.
             The game lasted 07:02:32 (57058 turns).

pseudo86 the Hoplite (Minotaur Berserker)          Turns: 57058, Time: 07:02:33

Health: -1/225     AC: 37    Str: 32    XL:     23   Next: 72%
Magic:  31/31      EV: 14    Int:  4    God:    Trog [******]
Gold:   968        SH: 32    Dex: 13    Spells: 22/22 levels left

rFire    + + .     SeeInvis +   a - +9 broad axe (freeze)
rCold    + . .     Gourm    .   S - +0 large shield
rNeg     + + .     Faith    .   I - +6 crystal plate armour
rPois    .         Spirit   .   (helmet restricted)
rElec    .         Reflect  +   r - scarf {rC+ rF+}
rCorr    +         Harm     .   s - +1 pair of gloves of Vogosoaqa {rN++ SInv}
MR       +++++                  T - +0 pair of boots
Stlth    ..........             Y - +5 amulet of reflection
HPRegen  1.47/turn              O - ring "Vonav" {rF+ MR++ Str+3}
MPRegen  0.22/turn              e - ring of resist corrosion

@: about to teleport, regenerating
A: retaliatory headbutt, horns 2
}: 2/15 runes: decaying, gossamer
a: Berserk, Trog's Hand, Brothers in Arms, Renounce Religion


You were on level 4 of the Depths.
You worshipped Trog.
Trog was exalted by your worship.
You were not hungry.

You visited 8 branches of the dungeon, and saw 42 of its levels.
You also visited: Ossuary, Volcano and Desolation.

You collected 5217 gold pieces.
You spent 4249 gold pieces at shops.

Inventory:

Hand Weapons
 a - a +9 broad axe of freezing (weapon)
 b - a +2 antimagic broad axe
 C - a +6 war axe of flaming
Armour
 r - a scarf of resistance (worn)
 s - the +1 pair of gloves of Vogosoaqa (worn) {rN++ SInv}
   (You bought it in a shop on level 2 of the Orcish Mines)

   It greatly protects you from negative energy.
   It lets you see invisible.
 I - a +6 crystal plate armour (worn)
 S - a +0 large shield (worn)
 T - a +0 pair of boots (worn)
Jewellery
 e - a ring of resist corrosion (right hand)
 O - the ring "Vonav" (left hand) {rF+ MR++ Str+3}
   (You bought it in a shop on level 4 of the Depths)

   [ring of protection from fire]

   It affects your strength (+3).
   It protects you from fire.
   It affects your resistance to hostile enchantments.
 Y - a +5 amulet of reflection (around neck)
Wands
 n - a wand of scattershot (6)
 o - a wand of digging (3)
 F - a wand of polymorph (15)
 G - a wand of paralysis (12)
 L - a wand of flame (60)
 M - a wand of disintegration (24)
 N - a wand of iceblast (22)
 Q - a wand of acid (11)
 X - a wand of enslavement (12)
Scrolls
 d - 3 scrolls of summoning
 f - a scroll of blinking
 g - 8 scrolls of teleportation
 h - 3 scrolls of immolation
 i - 22 scrolls of remove curse
 u - 3 scrolls of enchant armour
 x - 11 scrolls of magic mapping
 z - 2 scrolls of fear
 A - 7 scrolls of identify
 D - 9 scrolls of fog
 J - a scroll of vulnerability
 P - 2 scrolls of enchant weapon
 W - 2 scrolls of silence
 Z - a scroll of holy word
Potions
 l - a potion of resistance
 m - 6 potions of ambrosia
 p - 11 potions of haste
 q - 12 potions of agility
 v - 7 potions of might
 w - 20 potions of curing
 B - 4 potions of cancellation
 E - 7 potions of lignification
 H - 5 potions of invisibility
 R - 4 potions of mutation
 V - 4 potions of heal wounds
Miscellaneous
 t - a phantom mirror
 y - a box of beasts
 U - a lamp of fire
Comestibles
 c - 39 rations
 j - 11 chunks of flesh


   Skills:
 + Level 22.6 Fighting
 - Level 18.0 Axes
 - Level 20.0 Armour
 + Level 14.4 Dodging
 * Level 24.1 Shields
 + Level 12.8 Evocations


You had 22 spell levels left.
You didn't know any spells.
Your spell library was empty.

Dungeon Overview and Level Annotations

Branches:
Dungeon (15/15)            Temple (0/1) D:6            Lair (6/6) D:11
  Swamp (4/4) Lair:4       Spider (4/4) Lair:4        Slime (0/5) Lair:6
    Orc (2/2) D:9             Elf (2/3) Orc:2        Vaults (4/5) D:14
  Crypt (0/3) Vaults:2     Depths (5/5) D:15        Ossuary (visited)
Volcano (visited)         Desolation (visited)
    Zot: Depths:5

Altars:
Fedhas
Nemelex Xobeh
Qazlal
Uskayaw
Zin
The Shining One
Beogh
Jiyva
Lugonu

Shops:
D:6 [   D:9 [   D:10 (   D:12 (   D:13 *   D:14 !   Orc:2 [=[[   Elf:1 }
Vaults:3 [   Depths:2 :   Depths:3 (   Depths:4 ==}

Portals:
Hell: Depths:1 Depths:2 Depths:4
Abyss: Depths:3 Depths:4
Pandemonium: Depths:3 Depths:4
Ziggurat: Depths:3

Annotations:
Swamp:3 3 runed translucent doors, Goaw's ghost, adept GrFi
Spider:1 3 runed translucent doors, Muffaunu's ghost, adept DDWn
Elf:1 6 runed translucent doors


Innate Abilities, Weirdness & Mutations

You reflexively headbutt those who attack you in melee.
You have a pair of horns on your head.


Message History

You climb upwards.
There is a stone staircase leading down, spattered with blood here.
Okay, then.
Press: ? - help, v - describe, . - travel A stone staircase leading down, spattered with blood.
As you read the scroll of teleportation, it crumbles to dust.
You feel strangely unstable.
You block the deep troll shaman's attack.
The deep troll shaman claws you!
* * * LOW HITPOINT WARNING * * *
You block the deep troll shaman's attack.
The deep troll shaman misses you.
The deep troll shaman claws you but does no damage.
The deep troll shaman claws you!
* * * LOW HITPOINT WARNING * * *
The deep troll shaman barely misses you.
You block the deep troll shaman's attack. x2
The deep troll shaman bites you but does no damage.
The deep troll shaman claws you.
You die...

####### ####### ##########
#.....# #.....#
.........####.....# #.###.#
####.###....+.....# #.#≈#.#
#...# #.####..[.[# #.###.#
#.### #..# #...@T# #.....#
#.# ##.# #..T[.######.....#
##.# ##.###..........##'####
...#####....#......≈≈≈.##...#
##..(>...##.#...#...#≈<'....#
...#####....+..#.....≈.####.#
.......#'##...#..###...# #.#
.#####....#..#..#...#..####.#
##...##...#..#..#...)#......#


You could see 2 deep troll shamans.

Vanquished Creatures
  Mara (Swamp:4)
  the Lernaean hydra (Swamp:4)
  Margery (Depths:5)
  A golden dragon (Depths:1)
  the Enchantress (Depths:2)
  Arachne (Spider:3)
  2 liches
  2 tentacled monstrosities
  Asterion (Spider:2)
  2 sphinxes
  An ancient champion (Vaults:2)
  Gastronok (D:11)
  3 thorn hunters
  2 tengu reavers (Depths:1)
  3 fire giants
  An iron dragon (Depths:4)
  Aizul (Spider:1)
  5 frost giants
  Louise (Depths:4)
  5 emperor scorpions
  An imperial myrmidon (Desolation)
  4 ghost moths
  4 vault wardens
  5 spriggan defenders
  22 very ugly things
  15 stone giants
  A juggernaut skeleton (Depths:3)
  5 ironheart preservers
  6 entropy weavers
  A deep elf demonologist (Elf:1)
  3 vampire knights
  Azrael (Orc:2)
  A deep elf annihilator (Vaults:2)
  A halazid warlock (Desolation)
  6 spark wasps
  Snorg (Orc:2)
  An eidolon (Vaults:2)
  6 ettins
  A crystal guardian (Desolation)
  12 fire dragons
  11 yaktaur captains
  5 ice dragons
  9 great orbs of eyes
  8 ogre magi
  5 rakshasas
  2 shambling mangroves
  11 ragged hierophants (Desolation)
  Fannar (D:11)
  3 servants of whispers
  5 vault guards
  8 peacekeepers (Desolation)
  Harold (Lair:2)
  2 deep elf high priests (Elf:1)
  A ghost crab (Swamp:2)
  2 spriggan air magi
  6 centaur warriors
  16 hydras
  18 alligators
  A juggernaut simulacrum (Depths:3)
  30 two-headed ogres
  2 death knights
  5 deep troll shamans
  26 dancing weapons
  4 deep troll earth magi
  3 spriggan berserkers
  5 tengu warriors
  A vampire mage (Vaults:2)
  2 orc high priests
  15 deep elf knights
  2 small abominations (Elf:1)
  A sun demon (Volcano)
  A fire crab (shapeshifter) (Elf:2)
  3 skeletal warriors (Vaults:2)
  6 hell knights
  3 iron trolls
  A shadow wraith (Vaults:3)
  An unseen horror (shapeshifter) (Vaults:4)
  2 unseen horrors
  3 spriggan druids
  A golden dragon zombie (Depths:3)
  17 deep trolls
  6 wizards
  10 swamp dragons
  11 deep elf archers
  8 ironbrand convokers
  2 phantasmal warriors (Depths:4)
  13 orc knights
  A sphinx zombie (Depths:3)
  A harpy (Lair:6)
  34 deep elf magi
  50 wolf spiders
  6 necromancers
  A fire giant zombie (Depths:3)
  18 orb spiders
  37 ugly things
  3 manticores
  6 orc sorcerers
  2 cyclopes
  7 black mambas
  7 elephants
  3 naga magi (D:15)
  2 molten gargoyles
  15 vault sentinels
  2 moths of wrath
  3 gargoyles
  7 guardian serpents
  6 centaur skeletons
  A spiny frog (shapeshifter) (Vaults:2)
  33 spiny frogs
  A torpor snail (Lair:4)
  4 kobold demonologists
  58 yaktaurs
  5 rime drakes
  18 demonic crawlers
  13 komodo dragons
  A spark wasp simulacrum (Depths:3)
  5 freezing wraiths
  A spriggan skeleton (Depths:3)
  6 tengu conjurers
  8 trolls
  A jumping spider (shapeshifter) (Depths:1)
  A polar bear (Lair:6)
  A red devil (Volcano)
  34 jumping spiders
  4 meliai (D:15)
  A hornet (shapeshifter) (Vaults:4)
  2 wind drakes (Lair:6)
  26 hornets
  10 tyrant leeches
  8 hippogriffs
  70 saltlings
  3 bog bodies
  16 slime creatures
  17 blink frogs
  A blink frog (shapeshifter) (Vaults:4)
  A shadow (Swamp:3)
  37 tarantellas
  77 redbacks
  5 wraiths
  5 water elementals
  9 wyverns
  26 yaks
  6 spriggans
  2 vampires
  3 basilisks
  2 basilisks (shapeshifter)
  3 hungry ghosts
  7 fire elementals
  2 steam dragons
  16 vampire mosquitoes
  Grum (D:11)
  10 swamp worms
  18 insubstantial wisps
  5 wargs
  4 acid dragons
  Menkaure (D:6)
  2 soldier ants (D:13)
  An acid dragon (shapeshifter) (Depths:2)
  2 hell hounds (Volcano)
  7 water moccasins
  2 soldier ants (shapeshifter)
  2 floating eyes
  8 porcupines
  12 swamp drakes
  2 black bears
  6 sky beasts
  A black bear (shapeshifter) (Depths:2)
  26 ogres
  38 orc warriors
  An eye of draining (D:13)
  10 ice beasts
  19 boggarts
  2 phantoms
  17 centaurs
  A necrophage (D:10)
  8 crocodiles
  25 wolves
  4 big kobolds
  19 bullfrogs
  2 earth elementals (Elf:2)
  3 wyvern zombies
  A glowing shapeshifter simulacrum (Depths:3)
  5 scorpions
  A wyvern skeleton (D:14)
  7 howler monkeys
  8 wights
  7 electric eels
  5 crimson imps
  2 bullfrog zombies
  4 jellies
  A quasit (D:7)
  3 centaur zombies
  2 bullfrog skeletons
  4 hounds
  2 human zombies (Ossuary)
  25 orc priests
  7 iguanas
  33 orc wizards
  10 worker ants
  A big kobold zombie (Ossuary)
  A hound zombie (D:8)
  3 mummies (Ossuary)
  2 worker ant zombies
  Robin (D:3)
  13 adders
  3 shadow imps
  A white imp (Depths:4)
  3 oozes
  An adder skeleton (D:4)
  3 worms
  3 dart slugs
  5 leopard geckos
  97 orcs
  11 bats
  A giant cockroach (D:2)
  15 goblins
  6 hobgoblins
  11 jackals
  3 quokkas
  3 ball pythons
  4 frilled lizards
  4 hobgoblin zombies (Ossuary)
  20 kobolds
  6 kobold zombies (Ossuary)
  2 leopard gecko zombies
  6 rats
  8 briar patches (Swamp:3)
  A crawling corpse (Elf:1)
  7 fungi
  2 plants
1826 creatures vanquished.

Vanquished Creatures (collateral kills)
  Jorgrun (D:15)
  Agnes (D:14)
  A dire elephant (Lair:6)
  An ettin (Orc:2)
  2 ragged hierophants (Desolation)
  2 hydras (Swamp:3)
  A merfolk avatar (Lair:6)
  3 peacekeepers (Desolation)
  A shambling mangrove (Swamp:4)
  2 death knights
  A ghost crab (Swamp:3)
  Erica (D:8)
  A spriggan air mage (Depths:3)
  An alligator (Swamp:3)
  2 orc high priests (Orc:2)
  Sonja (D:10)
  A wizard (Depths:3)
  An orc knight (Orc:2)
  2 ugly things (D:15)
  A cyclops (D:10)
  2 orc sorcerers (Orc:2)
  2 guardian serpents (Desolation)
  2 spiny frogs
  3 kobold demonologists (D:15)
  A komodo dragon (Lair:6)
  2 meliai (D:15)
  A troll (Orc:1)
  A polar bear (Lair:6)
  A tyrant leech (Swamp:3)
  A hornet (Swamp:4)
  4 saltlings (Desolation)
  A bog body (Swamp:4)
  2 redbacks (Spider:2)
  A tarantella (Spider:2)
  A swamp drake (Swamp:4)
  3 water moccasins
  2 orc warriors (Orc:2)
  A phantom (D:8)
  2 ogres
  A big kobold (D:15)
  A scorpion (D:8)
  An electric eel (Spider:2)
  2 howler monkeys (D:8)
  2 orc priests
  A jelly (D:8)
  2 orc wizards
  An iguana (D:8)
  An adder (D:8)
  6 orcs
  4 jackals (D:8)
  A quokka (D:8)
  A kobold (D:15)
84 creatures vanquished.

Vanquished Creatures (others)
  2 stone giants
  3 yaktaur captains
  3 centaur warriors
  An unseen horror (D:10)
  A deep elf archer (Elf:1)
  An orc knight (Vaults:4)
  3 cyclopes
  13 yaktaurs
  A boggart (Depths:3)
  3 centaurs (Depths:2)
  3 orcs
  A bush (Lair:6)
  22 fungi
  35 plants
92 creatures vanquished.

Grand Total: 2002 creatures vanquished

Notes
Turn   | Place    | Note
-------+----------+-------------------------------------------
     0 | D:1      | pseudo86 the Minotaur Berserker began the quest for the
                  | Orb.
     0 | D:1      | Reached XP level 1. HP: 19/19 MP: 0/0
   161 | D:1      | Reached XP level 2. HP: 25/27 MP: 1/1
   407 | D:1      | Reached ** piety under Trog
   582 | D:1      | Reached XP level 3. HP: 32/33 MP: 2/2
   740 | D:2      | Found a glowing silver altar of Zin.
  1024 | D:2      | Reached XP level 4. HP: 41/41 MP: 3/3
  1530 | D:3      | Found a hide-covered altar of Uskayaw.
  1537 | D:3      | Found a stormy altar of Qazlal.
  1697 | D:3      | Noticed Robin
  1704 | D:3      | Killed Robin
  1815 | D:3      | Reached *** piety under Trog
  2184 | D:4      | Reached XP level 5. HP: 45/47 MP: 4/4
  2237 | D:4      | Noticed a centaur
  2246 | D:4      | Killed a centaur
  2246 | D:4      | Reached skill level 5 in Fighting
  2246 | D:4      | Reached skill level 5 in Axes
  2288 | D:4      | Found a sand-covered staircase.
  2297 | Ossuary  | Entered an ossuary
  2297 | Ossuary  | Noticed a wraith
  2297 | Ossuary  | Noticed a wraith
  2297 | Ossuary  | Noticed a wraith
  2442 | Ossuary  | Reached XP level 6. HP: 42/56 MP: 5/5
  2690 | Ossuary  | Noticed a wraith
  2721 | Ossuary  | Killed a wraith
  3155 | D:4      | Reached XP level 7. HP: 60/62 MP: 6/6
  3240 | D:4      | Reached skill level 5 in Armour
  3446 | D:5      | Entered Level 5 of the Dungeon
  3545 | D:5      | Reached skill level 5 in Dodging
  3616 | D:5      | Reached XP level 8. HP: 64/71 MP: 7/7
  3784 | D:5      | Reached **** piety under Trog
  4261 | D:6      | Noticed Menkaure
  4670 | D:6      | Identified the Grimoire of the Frostbite and Fire
  4712 | D:6      | Found a glowing golden altar of the Shining One.
  4998 | D:7      | Reached XP level 9. HP: 81/81 MP: 8/8
  5054 | D:7      | Reached skill level 1 in Shields
  5118 | D:7      | Reached skill level 2 in Shields
  5545 | D:8      | Reached skill level 3 in Shields
  5724 | D:8      | Reached ***** piety under Trog
  5779 | D:8      | Noticed Erica
  5787 | D:8      | Killed Erica
  5787 | D:8      | Reached skill level 4 in Shields
  5826 | D:8      | Reached XP level 10. HP: 91/91 MP: 9/9
  6277 | D:9      | Got a steaming ring mail
  6288 | D:9      | Identified the +3 ring mail "Kuicolo" {+Fly} (You found it
                  | on level 9 of the Dungeon)
  6599 | D:9      | Found a staircase to the Orcish Mines.
  6752 | D:9      | Found Surgh's Antique Armour Boutique.
  6837 | D:9      | Received a gift from Trog
  6853 | D:9      | Reached skill level 1 in Evocations
  6860 | D:9      | Reached skill level 10 in Axes
  6890 | D:10     | Entered Level 10 of the Dungeon
  6890 | D:10     | Noticed Sonja
  6896 | D:10     | Found Tashraed's Weapon Emporium.
  6901 | D:10     | Killed Sonja
  6901 | D:10     | Reached skill level 10 in Fighting
  7895 | D:11     | Noticed Grum
  7901 | D:11     | Reached skill level 10 in Armour
  7903 | D:11     | Noticed a death knight
  8169 | D:11     | Noticed a cyclops
  8264 | D:11     | Noticed an unseen horror
  8415 | D:10     | Killed an unseen horror
  8415 | D:10     | Reached XP level 11. HP: 57/101 MP: 11/11
  8987 | D:11     | Noticed Fannar
  9049 | D:6      | Found Fumasiew's Antique Armour Shop.
  9248 | D:6      | Killed Menkaure
  9464 | D:6      | Bought a large shield for 126 gold pieces
  9474 | D:6      | Bought a pair of boots for 126 gold pieces
  9474 | D:6      | Bought a cloak for 126 gold pieces
  9521 | D:6      | Found a staircase to the Ecumenical Temple.
  9934 | D:6      | Bought a shiny chain mail for 210 gold pieces
 10012 | Orc:1    | Entered Level 1 of the Orcish Mines
 10867 | Orc:1    | Found a roughly hewn altar of Beogh.
 11109 | Orc:2    | Entered Level 2 of the Orcish Mines
 11109 | Orc:2    | Noticed Azrael
 11109 | Orc:2    | Noticed Snorg
 11109 | Orc:2    | Noticed an orc sorcerer
 11109 | Orc:2    | Noticed an orc sorcerer
 11122 | Orc:1    | Killed an orc sorcerer
 11122 | Orc:1    | Reached skill level 10 in Dodging
 11211 | Orc:2    | Noticed an ettin
 11299 | Orc:1    | Killed an orc sorcerer
 11353 | Orc:2    | Reached skill level 5 in Shields
 11357 | Orc:2    | Killed Azrael
 11841 | Orc:2    | Killed Snorg
 12132 | Orc:2    | Found a staircase to the Elven Halls.
 12144 | Orc:2    | Killed an ettin
 12181 | Orc:2    | Noticed an orc sorcerer
 12181 | Orc:2    | Paralysed by an orc sorcerer for 5 turns
 12196 | Orc:2    | Killed an orc sorcerer
 12196 | Orc:2    | Reached XP level 12. HP: 112/112 MP: 12/14
 12507 | Orc:2    | Noticed an orc high priest
 12522 | Orc:2    | Killed an orc high priest
 12524 | Orc:2    | Noticed an orc high priest
 12527 | Orc:2    | Killed an orc high priest
 12527 | Orc:2    | Reached skill level 6 in Shields
 12769 | Orc:2    | Noticed an orc high priest
 13131 | Orc:2    | Killed an orc high priest
 13133 | Orc:2    | Found Degailux's Armour Emporium.
 13133 | Orc:2    | Found Luliaj's Armour Boutique.
 13135 | Orc:2    | Found Sasosus's Antique Armour Emporium.
 13135 | Orc:2    | Found Muqebbilel's Jewellery Boutique.
 13168 | Orc:2    | Bought a +5 amulet of reflection for 453 gold pieces
 13305 | D:11     | Killed a death knight
 13674 | D:11     | Killed Fannar
 13816 | D:11     | Noticed Gastronok
 13949 | D:11     | Reached skill level 5 in Evocations
 13993 | D:11     | Reached skill level 7 in Shields
 14149 | D:11     | Found a staircase to the Lair.
 14299 | Lair:1   | Entered Level 1 of the Lair of Beasts
 14786 | Lair:1   | Reached skill level 8 in Shields
 15039 | Lair:1   | Reached XP level 13. HP: 115/122 MP: 15/15
 15438 | Lair:2   | Noticed Harold
 15790 | Lair:2   | Received a gift from Trog
 15840 | Lair:2   | Reached skill level 9 in Shields
 15844 | Lair:2   | Killed Harold
 17415 | Lair:4   | Found a dark tunnel.
 17428 | Volcano  | Entered a volcano
 17526 | Volcano  | Reached skill level 10 in Shields
 17917 | Lair:4   | Found a staircase to the Swamp.
 18319 | Lair:4   | Found a hole to the Spider Nest.
 18365 | Lair:4   | Reached skill level 11 in Shields
 19246 | Lair:5   | Received a gift from Trog
 19345 | Lair:5   | Reached XP level 14. HP: 45/133 MP: 16/16
 19790 | Lair:5   | Reached skill level 12 in Shields
 20302 | Lair:6   | Entered Level 6 of the Lair of Beasts
 21290 | Lair:6   | Reached skill level 15 in Fighting
 21521 | Lair:6   | Found a viscous altar of Jiyva.
 21521 | Lair:6   | Found a staircase to the Slime Pits.
 22116 | Lair:6   | Got a warped buckler
 22150 | Lair:6   | Identified the +0 buckler "Lelyxiaga" {MR+ Str+4} (You
                  | found it on level 6 of the Lair of Beasts)
 22756 | D:11     | Killed Gastronok
 22796 | D:12     | Found a blossoming altar of Fedhas.
 22866 | D:12     | Found Kuder's Weapon Emporium.
 23787 | D:13     | Reached skill level 15 in Axes
 24309 | D:13     | Reached XP level 15. HP: 141/141 MP: 18/18
 24338 | D:13     | Found Zephoqor's Assorted Antiques.
 24346 | D:13     | Bought a bubbling coppery potion for 29 gold pieces
 24719 | D:14     | Found a gate to the Vaults.
 24759 | D:14     | Reached ****** piety under Trog
 24894 | D:14     | Found Henwucw's Distillery.
 24907 | D:14     | Received a gift from Trog
 25096 | D:14     | Noticed Agnes
 25101 | D:14     | Killed Agnes
 25794 | D:15     | Entered Level 15 of the Dungeon
 25909 | D:15     | Found a staircase to the Depths.
 25916 | D:15     | Reached skill level 13 in Shields
 26180 | D:15     | Noticed Jorgrun
 26203 | D:15     | Killed Jorgrun
 26203 | D:15     | Reached skill level 15 in Armour
 26854 | D:11     | Killed Grum
 27078 | Swamp:1  | Entered Level 1 of the Swamp
 27090 | Swamp:1  | Received a gift from Trog
 27356 | Swamp:1  | You fall into a shaft and drop 1 floor!
 27369 | Swamp:2  | Received a gift from Trog
 27694 | Swamp:1  | Noticed a tentacled monstrosity
 27710 | Swamp:1  | Killed a tentacled monstrosity
 28338 | Swamp:2  | Reached XP level 16. HP: 148/154 MP: 20/20
 29048 | Swamp:3  | Noticed a thorn hunter
 29064 | Swamp:3  | Killed a thorn hunter
 29123 | Swamp:3  | Received a gift from Trog
 29177 | Swamp:3  | Noticed a thorn hunter
 29189 | Swamp:3  | Killed a thorn hunter
 29522 | Swamp:3  | Found a runed translucent gate.
 29522 | Swamp:3  | Found a runed translucent gate.
 29522 | Swamp:3  | Found a runed translucent gate.
 29524 | Swamp:3  | Noticed Goaw's ghost (adept GrFi)
 30748 | Swamp:3  | Found a runed translucent gate.
 30749 | Swamp:3  | Found a runed translucent gate.
 30750 | Swamp:3  | Found a runed translucent gate.
 31118 | Spider:1 | Entered Level 1 of the Spider Nest
 31150 | Spider:1 | Reached skill level 14 in Shields
 31212 | Spider:1 | Found a runed translucent gate.
 31212 | Spider:1 | Found a runed translucent gate.
 31212 | Spider:1 | Found a runed translucent gate.
 31216 | Spider:1 | Noticed Muffaunu's ghost (adept DDWn)
 31222 | Spider:1 | Found the +2 pair of boots of the Assassin {Detection Stab+
                  | Stlth++}
 31453 | Spider:1 | You fall into a shaft and drop 1 floor!
 31538 | Spider:2 | Noticed Asterion
 31567 | Spider:2 | Killed Asterion
 32124 | Spider:2 | Received a gift from Trog
 32609 | Spider:1 | Noticed Aizul
 32631 | Spider:1 | Killed Aizul
 32635 | Spider:1 | Reached XP level 17. HP: 56/163 MP: 22/22
 33585 | Spider:3 | Noticed Arachne
 33602 | Spider:3 | Killed Arachne
 34067 | Spider:3 | Reached skill level 15 in Shields
 34549 | Spider:3 | Received a gift from Trog
 34556 | Spider:3 | Got a fine war axe {god gift}
 34557 | Spider:3 | Identified the +6 war axe of Issiwkulae {elec, +Rage Str+3}
                  | (Trog gifted it to you on level 3 of the Spider Nest)
 35081 | Spider:4 | Entered Level 4 of the Spider Nest
 36544 | Spider:4 | Received a gift from Trog
 36711 | Spider:4 | Reached skill level 16 in Shields
 37027 | Spider:4 | Got a gossamer rune of Zot
 37411 | D:9      | Bought a faintly humming plate armour for 896 gold pieces
 37421 | D:9      | Identified the +5 plate armour of Kintisug {rCorr Str+2
                  | Int+4} (You bought it in a shop on level 9 of the Dungeon)
 37478 | Elf:1    | Entered Level 1 of the Elven Halls
 37500 | Elf:1    | Reached XP level 18. HP: 136/176 MP: 24/24
 37964 | Elf:1    | Reached skill level 10 in Evocations
 38267 | Elf:1    | Found Ethratan's Gadget Shop.
 38490 | Elf:1    | Found a runed translucent gate.
 38490 | Elf:1    | Found a runed translucent gate.
 38490 | Elf:1    | Found a runed translucent gate.
 38490 | Elf:1    | Found a runed translucent gate.
 38490 | Elf:1    | Found a runed translucent gate.
 38492 | Elf:1    | Found a runed translucent gate.
 38684 | Elf:2    | Reached skill level 17 in Shields
 38704 | Elf:2    | Found a runed translucent gate.
 38704 | Elf:2    | Found a runed translucent gate.
 38712 | Elf:2    | Found a runed translucent gate.
 38736 | Elf:2    | Received a gift from Trog
 38897 | Elf:2    | Found a ruined gateway.
 38931 | Desolati | Entered the Desolation of Salt
 39445 | Desolati | Got a slimy ivory ring
 39459 | Desolati | Got a bloodstained dire flail
 39460 | Desolati | Identified Ferigev's Incunabulum of the Hurtful Escort
 39468 | Desolati | Got an ancient scimitar
 39712 | Desolati | Identified Kikubaaqudgha's Grimoire of Evil Rituals
 39716 | Desolati | Identified the Almanac of Supportive Clay
 39765 | Desolati | Reached skill level 18 in Shields
 39909 | Desolati | Received a gift from Trog
 40469 | Desolati | Reached XP level 19. HP: 163/184 MP: 25/25
 40637 | Desolati | Got a smoking leather armour
 40675 | Elf:2    | Identified the ring "Ynusen" {+Fly rF- rC+ rCorr Str+2}
                  | (You found it in the Desolation of Salt)
 40687 | Elf:2    | Identified the +3 leather armour of Objectivity {Stlth+}
                  | (You found it in the Desolation of Salt)
 41003 | Elf:2    | Received a gift from Trog
 41446 | Elf:2    | Reached skill level 19 in Shields
 41549 | Elf:2    | Identified the +3 scimitar "Napton" {slice, rPois rF- MR+
                  | Str+4} (You found it in the Desolation of Salt)
 41995 | Orc:2    | Bought the +1 pair of gloves of Vogosoaqa {rN++ SInv} for
                  | 468 gold pieces
 42206 | Vaults:1 | Entered Level 1 of the Vaults
 42406 | Vaults:1 | Received a gift from Trog
 43311 | Vaults:1 | Received a gift from Trog
 43508 | Vaults:1 | Reached skill level 20 in Shields
 44311 | Vaults:2 | Found a staircase to the Crypt.
 44518 | Vaults:2 | Reached XP level 20. HP: 195/195 MP: 12/26
 44800 | Vaults:2 | Received a gift from Trog
 45205 | Vaults:2 | Received a gift from Trog
 45449 | Vaults:3 | Reached skill level 21 in Shields
 46981 | Vaults:3 | Found Gaolorima's Antique Armour Emporium.
 47662 | Vaults:4 | Received a gift from Trog
 47895 | Vaults:4 | Reached XP level 21. HP: 188/205 MP: 28/28
 49529 | Swamp:4  | Entered Level 4 of the Swamp
 49571 | Swamp:4  | Noticed Mara
 49576 | Swamp:4  | Noticed the 27-headed Lernaean hydra
 49737 | Swamp:4  | Killed the 27-headed Lernaean hydra
 49789 | Swamp:4  | Killed Mara
 49789 | Swamp:4  | Reached skill level 22 in Shields
 49839 | Swamp:4  | Got a decaying rune of Zot
 50849 | D:15     | Reached XP level 22. HP: 213/213 MP: 29/29
 50915 | D:14     | Bought 2 potions of might for 128 gold pieces
 50915 | D:14     | Bought a potion of heal wounds for 80 gold pieces
 50915 | D:14     | Bought a potion of agility for 64 gold pieces
 50915 | D:14     | Bought a potion of haste for 160 gold pieces
 50915 | D:14     | Bought a potion of invisibility for 128 gold pieces
 50915 | D:14     | Bought a potion of curing for 48 gold pieces
 50915 | D:14     | Bought 2 potions of heal wounds for 160 gold pieces
 50915 | D:14     | Bought a potion of curing for 48 gold pieces
 50915 | D:14     | Bought a potion of invisibility for 128 gold pieces
 51001 | D:13     | Bought 3 scrolls of fog for 198 gold pieces
 51001 | D:13     | Bought a scroll of fog for 66 gold pieces
 51118 | Depths:1 | Entered Level 1 of the Depths
 51546 | Depths:1 | Got a wavering marble ring
 51548 | Depths:1 | Identified the cursed ring "Ygoem" {Str-5 Stlth+} (You
                  | found it on level 1 of the Depths)
 51770 | Depths:1 | Found a sparkling altar of Nemelex Xobeh.
 51921 | Depths:1 | Received a gift from Trog
 51965 | Depths:1 | Found a gateway to Hell.
 52274 | Depths:2 | Noticed a golden dragon
 52290 | Depths:1 | Killed a golden dragon
 53580 | Depths:2 | Found Sonn's Book Boutique.
 53593 | Depths:2 | Paralysed by a floating eye for 2 turns
 53772 | Depths:3 | Noticed the Enchantress
 53812 | Depths:2 | Killed the Enchantress
 54296 | Depths:3 | Received a gift from Trog
 54332 | Depths:3 | Reached skill level 23 in Shields
 54460 | Depths:3 | Reached XP level 23. HP: 223/223 MP: 29/31
 54616 | Depths:3 | Found Nakegyl's Weapon Shoppe.
 54659 | Depths:3 | Found a one-way gate leading to the halls of Pandemonium.
 54824 | Depths:3 | Received a gift from Trog
 54842 | Depths:3 | Found a gateway to a ziggurat.
 55283 | Depths:3 | Found a corrupted altar of Lugonu.
 55283 | Depths:3 | Found a one-way gate to the infinite horrors of the Abyss.
 55444 | Depths:4 | Paralysed by a floating eye for 4 turns
 56218 | Depths:4 | Noticed Louise
 56234 | Depths:4 | Killed Louise
 56263 | Depths:4 | Received a gift from Trog
 56578 | Depths:4 | Found Guac's Gadget Boutique.
 56578 | Depths:4 | Found Rulol's Jewellery Emporium.
 56579 | Depths:4 | Found Lismiud's Jewellery Emporium.
 56846 | Depths:4 | Bought the ring "Vonav" {rF+ MR++ Str+3} for 607 gold
                  | pieces
 56900 | Depths:5 | Entered Level 5 of the Depths
 56969 | Depths:5 | Noticed Margery
 56991 | Depths:5 | Reached skill level 24 in Shields
 57000 | Depths:5 | Killed Margery
 57058 | Depths:4 | HP: 5/225 [deep troll shaman (9)]
 57058 | Depths:4 | Slain by a deep troll shaman

Levels and vault maps discovered:
D:1:      ebering_hopf_link, layout_rooms, minmay_indecisive_spiral
D:2:      layout_loops_ring, overflow_temple_1_default
D:3:      layout_basic, amethyst_overflow_temple_binary, first_ration,
          uniq_robin
D:4:      layout_basic, lightli_ossuary_entry_decrepit_ruins
D:5:      minmay_polygon_palace, layout_basic, minmay_misc_feat_nine_boxes,
          minmay_manual_mares
D:6:      layout_basic, lemuel_crystal_altar, minmay_temple_entry_butterflies,
          serial_shops, shop, chequers_big_river, minivault_11, uniq_menkaure
D:7:      layout_rooms, kennysheep_generic_room_4
D:8:      layout_rooms, uniq_erica
D:9:      layout_roguey, serial_shops, kennysheep_mini
D:10:     layout_gridville, serial_shops, nicolae_shop_statue_plus,
          minmay_tree_intersection, uniq_sonja
D:11:     layout_rooms, erik_lair_dragon, gauntlet_entry_generic, uniq_grum,
          uniq_gastronok, uniq_fannar
D:12:     dragon1_lemuel, layout_stronghold, basic_altar, serial_shops,
          nicolae_shop_temple_entry_statues_fountains
D:13:     layout_cave_pods, serial_shops, shop, hangedman_pestilent_swarm
D:14:     layout_stronghold, skrybe_vaults_entry_preservation,
          hangedman_decor_peaks_small, serial_shops,
          nicolae_shop_window_shopping, uniq_agnes
D:15:     grunt_enter_depths_magical_seal, layout_basic, chequers_garden,
          nrook_guardian_serpent_ordinary, uniq_jorgrun
Lair:1:   layout_regular_city, eino_small_chamber_without_monster,
          serial_bayou_shore_a, grunt_megastairs_1
Lair:2:   layout_regular_city, beast_lair_carwin_3, uniq_harold
Lair:3:   layout_chaotic_city, grunt_megastairs_5
Lair:4:   layout_long_grid, minmay_swamp_entry_swarm, spider_nest_entry_a,
          enter_volcano_2
Lair:5:   layout_cave_pods, chequers_serial_rivers_micro_a
Lair:6:   gammafunk_lair_ancient_temple, layout_regular_city, slime_altar_1
Swamp:1:  layout_basic_swamp, hangedman_swamp_ruin_wall
Swamp:2:  layout_falls_marsh, nicolae_swamp_fairy_circle
Swamp:3:  layout_falls_marsh, gammafunk_ghost_hydra_chop,
          evilmike_swamp_ruin_house_1, swamp_pool5
Swamp:4:  swamp_alternative, layout_basic_swamp, uniq_mara
Spider:1: layout_spider_delve, gammafunk_ghost_split, uniq_aizul
Spider:2: layout_spider_delve, uniq_asterion
Spider:3: layout_spider_delve, uniq_arachne
Spider:4: spider_rune_water
Orc:1:    layout_diamond_mine, basic_altar
Orc:2:    grunt_orc_tribal_feast, layout_caves, uniq_azrael, uniq_snorg
Elf:1:    eino_elf_arrival_sip, layout_gridlike, serial_shops, shop_fountains,
          orc_legates, nicolae_elf_big_sculpture_3, drop_trap
Elf:2:    layout_rooms, portal_desolation_entry_nicolae_nacl,
          serial_sigils_hangedman_gut
Vaults:1: v_rooms_6, v_misc_19, hangedman_vaults_trim,
          vaults_standard_mumra_enter_the_diamond, v_rooms_6, v_rooms_1,
          v_misc_28, ontoclasm_vaults_twist, vaults_room_large_hall,
          vaults_room_hallway, layout_vaults_ring
Vaults:2: v_misc_27, hangedman_vaults_river_flow,
          minmay_crypt_entry_simple_round, vaults_dpeg_encased_lava,
          ontoclasm_vaults_ring_square, hangedman_vaults_pinch,
          vaults_standard_mumra_x, ontoclasm_vaults_fault,
          vaults_standard_mumra_lines, vaults_mumra_hexcomb,
          vaults_room_hallway, v_alt_pattern_3, layout_vaults_omnicross
Vaults:3: vaults_mumra_minichess_inversion, hangedman_vaults_stretched_pinwheel,
          grunt_vaults_bifocal, v_rooms_2, ontoclasm_vaults_gateway,
          v_pattern_2, hangedman_vaults_maws, hangedman_vaults_restitches,
          ontoclasm_vaults_idyll, vaults_dpeg_hooks, nicolae_vaults_little_ls,
          layout_vaults_omnigrid, serial_shops, shop_fountains
Vaults:4: v_misc_15, nicolae_vaults_network_quinsquares
          [nicolae_vaults_network_quincunx_subvault,
          nicolae_vaults_network_quincunx_subvault,
          nicolae_vaults_network_quincunx_subvault,
          nicolae_vaults_network_quincunx_subvault], hangedman_vaults_slither,
          hangedman_vaults_capsules, vaults_room_stairs_pillars,
          nicolae_vaults_rhombus_5, layout_vaults_chaotic_city
Depths:1: layout_gridville, nemelex_xobeh_ov_fountains_minmay, pf_coc_iceberg,
          kilobyte_mutagenic_chamber
Depths:2: hangedman_arrow_trap, layout_cave_pools, serial_shops,
          kennysheep_mini_moat, hell_entry, hangedman_decor_diamond_cutter
Depths:3: mu_elemental_laboratory, layout_cave_pools, enter_ziggurat_d,
          serial_shops, shop, abyss_entry_flame_altar, serial_sigils,
          serial_sigils_hangedman_etch, serial_sigils_hangedman_confine,
          serial_sigils_hangedman_writhe, serial_sigils_hangedman_snap,
          fountainhead, pan_entry, hell_entry, uniq_enchantress
Depths:4: minmay_skeletal_surprise, layout_gridlike, rand_demon_pan_entry_8,
          hell_entry, hangedman_decor_growths,
          nicolae_abyss_entry_one_way_or_another, minmay_shop_grove,
          minmay_staircase_bubble
Depths:5: lemuel_castle_with_subvaults [lemuel_castle_interior_original],
          layout_cave_shapes, pf_hell_entry_tar_spiral, abandoned_shop,
          serial_bayou_shore_b, grunt_megastairs_4, uniq_margery

Skill      XL: |  1  2  3  4  5  6  7  8  9 10 11 12 13 14 15 16 17 18 19 20 21 22 23 |
---------------+----------------------------------------------------------------------+-----
Axes           | 4 5 6 8 9 10 12 13 14 15 16 17 18 | 18.0
Fighting       | 4 5 6 8 9 10 11 13 14 15 16 18 19 20 21 22 | 22.6
Armour         | 3 4 5 7 8 10 11 12 14 15 16 17 18 19 20 | 20.0
Dodging        | 3 4 5 6 7 9 10 11 12 13 14 | 14.4
Shields        | 4 5 8 11 12 13 14 16 18 20 21 22 23 24 | 24.1
Evocations     | 2 4 5 6 7 8 9 10 11 12 | 12.8

Action                   |  1- 3 |  4- 6 |  7- 9 | 10-12 | 13-15 | 16-18 | 19-21 | 22-24 || total
-------------------------+-------+-------+-------+-------+-------+-------+-------+-------++-------
Melee: Hand axe          |    47 |   100 |    41 |       |       |       |       |       ||   188
       Headbutt          |     9 |    41 |    71 |   271 |   414 |   392 |   335 |   251 ||  1784
       Whip              |    35 |    72 |   155 |   361 |    13 |       |       |       ||   636
       War axe           |       |       |    64 |   413 |   408 |       |    28 |       ||   913
       Scimitar          |       |       |       |       |    45 |     7 |       |       ||    52
       Broad axe         |       |       |       |       |   682 |  1179 |  1032 |   788 ||  3681
Invok: Trog's Hand       |     1 |     1 |     1 |     9 |     5 |     5 |     2 |     8 ||    32
       Brothers in Arms  |       |       |     1 |    10 |     6 |     7 |     3 |     6 ||    33
Evoke: Wand              |       |       |       |    10 |     3 |     1 |     2 |       ||    16
       Lamp of fire      |       |       |       |       |       |       |     1 |       ||     1
       Phantom mirror    |       |       |       |       |       |       |     1 |       ||     1
  Use: Potion            |     3 |       |       |     3 |       |     2 |     1 |     5 ||    14
       Scroll            |       |     1 |     7 |     5 |    34 |     8 |     5 |     5 ||    65
 Stab: Confused          |       |       |       |     1 |       |       |       |       ||     1
       Distracted        |       |       |       |       |     1 |     1 |     3 |     1 ||     6
  Eat: Chunk             |     1 |     4 |     9 |    26 |    40 |     9 |    24 |     9 ||   122
       Ration            |       |     1 |       |     3 |     3 |    10 |     4 |     5 ||    26
Armor: Animal skin       |     3 |       |       |       |       |       |       |       ||     3
       Skin              |    21 |       |       |       |       |       |       |       ||    21
       Chain mail        |    40 |    79 |    12 |    98 |   237 |   246 |    26 |       ||   738
       Storm dragon scal |       |       |    99 |   118 |       |       |       |       ||   217
       Troll leather arm |       |       |       |     8 |       |       |       |       ||     8
       Crystal plate arm |       |       |       |       |   118 |       |   130 |   233 ||   481
       Plate armour      |       |       |       |       |       |   101 |       |       ||   101
Dodge: Dodged            |    37 |    68 |   122 |   403 |   474 |   365 |   160 |   175 ||  1804
Block: Buckler           |       |       |    25 |   238 |   283 |       |       |       ||   546
       Large shield      |       |       |       |    62 |       |   767 |  1024 |   905 ||  2758
       Reflection        |       |       |       |     7 |    29 |    37 |   134 |    94 ||   301
       Shield            |       |       |       |       |   651 |   555 |       |       ||  1206
       Rpst.: Scimitar   |       |       |       |       |     8 |     1 |       |       ||     9
